 Dungeon Crawl Stone Soup version 0.24-a0-581-gc0fa6600bf (webtiles) character file.

Game seed: 9194348536877579259

638 Norm the Chiller (level 7, 0/52 HPs)
             Began as a Merfolk Ice Elementalist on Aug 22, 2019.
             Slain by an orc warrior
             ... wielding a +0 scimitar
              (18 damage)
             ... on level 5 of the Dungeon on Aug 24, 2019.
             The game lasted 00:25:14 (5280 turns).

Norm the Chiller (Merfolk Ice Elementalist)         Turns: 5280, Time: 00:25:15

Health: 0/52       AC:  2    Str:  9    XL:     7   Next: 50%
Magic:  6/11       EV: 13    Int: 16    God:
Gold:   230        SH:  0    Dex: 14    Spells: 4/12 levels left

rFire    . . .     SeeInvis .   p - +2 short sword (freeze)
rCold    . . .     Gourm    .   (no shield)
rNeg     . . .     Faith    .   a - +0 robe
rPois    .         Spirit   .   (no helmet)
rElec    .         Reflect  .   (no cloak)
rCorr    .         Harm     .   (no gloves)
MR       .....                  (no boots)
Stlth    ++........             (no amulet)
HPRegen  0.17/turn              (no ring)
MPRegen  0.12/turn              (no ring)

@: no status effects
A: change form in water, swift swim, stealthy swim
a: no special abilities


You were on level 5 of the Dungeon.
You were not hungry.

You visited 1 branch of the dungeon, and saw 5 of its levels.

You collected 230 gold pieces.

Inventory:

Hand Weapons
 h - a +0 dagger
 p - a +2 short sword of freezing (weapon)
 u - a +1 short sword of flaming
Missiles
 b - 129 stones (quivered)
Armour
 a - a +0 robe (worn)
 o - a +0 cloak
 C - a +0 pair of gloves
 D - a +0 ring mail
Jewellery
 r - an uncursed amulet of rage {unknown}
Wands
 y - a wand of polymorph (9)
 A - a wand of acid (9)
Scrolls
 d - a scroll of random uselessness {unknown}
 e - 2 scrolls of blinking {unknown}
 f - a scroll of remove curse {unknown}
 g - 2 scrolls of teleportation {unknown}
 i - 8 scrolls of identify {unknown}
 l - 2 scrolls of magic mapping {unknown}
 t - a scroll of amnesia {unknown}
 v - a scroll of fear {unknown}
 w - a scroll of immolation {unknown}
Potions
 j - 2 potions of curing {unknown}
 k - 2 potions of magic {unknown}
 m - 2 potions of heal wounds {unknown}
 n - a potion of haste {unknown}
 q - a potion of berserk rage {unknown}
 s - a potion of resistance {unknown}
 x - a potion of lignification {unknown}
 B - a potion of brilliance {unknown}
Comestibles
 c - 7 rations
 z - 8 chunks of flesh


   Skills:
 + Level 3.5 Fighting
 - Level 2.6 Dodging
 - Level 2.1 Stealth
 - Level 3.0 Spellcasting
   Level 0.7 Conjurations
 - Level 1.0 Charms
 * Level 3.8 Summonings
 * Level 6.3 Ice Magic


You had 4 spell levels left.
You knew the following spells:

 Your Spells              Type           Power        Failure   Level  Hunger
a - Freeze                Ice            ###.         1%          1    #......
b - Ozocubu's Armour      Chrm/Ice       ##......     12%         3    ###....
c - Summon Ice Beast      Ice/Summ       ###.....     22%         4    #####..

Your spell library contained the following spells:

 Spells                   Type           Power        Failure   Level  Hunger
 Throw Frost              Conj/Ice       ##....       7%          2    ##.....
 Throw Icicle             Conj/Ice       ##......     41%         4    #####..


Dungeon Overview and Level Annotations

Branches:
Dungeon (5/15)
 Temple: D:4-7

Altars:
Ashenzari
Dithmenos
Elyvilon
Trog
Vehumet

Annotations:
D:3 2 transporters, Jerry's ghost, amateur TrBe


Message History

You hit the orc warrior. You freeze the orc warrior.
The orc warrior is severely wounded.
You barely miss the orc warrior.
The orc warrior is severely wounded.
The orc warrior closely misses you.
You barely miss the orc warrior.
The orc warrior is severely wounded.
The orc warrior hits you with a +0 scimitar!
You hit the orc warrior. You freeze the orc warrior.
The orc warrior is severely wounded.
The orc warrior hits you with a +0 scimitar!
* * * LOW HITPOINT WARNING * * *
Unknown command.
Things that are here:
a +0 mace; an orc skeleton
Things that are here:
a +0 flail; a +0 leather armour; an orc skeleton
There is a stone staircase leading up here.
The orc warrior hits you with a +0 scimitar!!
You die...

........########
#.........)....#
##......######.#
#.#...## #.#
#.##.## #.###
#'#### #...# ...
###o# .. #o# ...
#@# #.# #.# .
#.# #.# #.# #.#
#.#


You could see an orc warrior and an orc.

Vanquished Creatures
  Edmund (D:4)
  An ogre (D:3)
  A centaur (D:5)
  An orc wizard (D:5)
  Terence (D:3)
  A worker ant (D:5)
  Natasha (twice) (D:2)
  An iguana (D:4)
  A hound skeleton (D:4)
  4 gnolls (D:4)
  6 adders
  An ooze (D:1)
  3 worms
  4 dart slugs
  3 leopard geckos
  5 orcs
  9 bats
  5 goblins
  6 hobgoblins
  6 jackals
  A quokka (D:2)
  4 frilled lizards
  11 kobolds
  8 rats
86 creatures vanquished.

Notes
Turn   | Place    | Note
-------+----------+-------------------------------------------
     0 | D:1      | Norm the Merfolk Ice Elementalist began the quest for the
                  | Orb.
     0 | D:1      | Reached XP level 1. HP: 13/13 MP: 3/3
   249 | D:1      | Reached XP level 2. HP: 15/20 MP: 0/5
   660 | D:1      | Reached skill level 1 in Fighting
   770 | D:1      | Reached XP level 3. HP: 23/26 MP: 2/6
   791 | D:1      | Reached skill level 4 in Ice Magic
  1289 | D:2      | Learned a level 3 spell: Ozocubu's Armour
  1661 | D:2      | Reached XP level 4. HP: 29/32 MP: 3/7
  1701 | D:2      | Learned a level 4 spell: Summon Ice Beast
  1751 | D:2      | Noticed Natasha
  1757 | D:2      | Killed Natasha
  1757 | D:2      | Reached skill level 1 in Charms
  2041 | D:2      | Reached XP level 5. HP: 38/38 MP: 3/9
  2194 | D:2      | Found a shattered altar of Ashenzari.
  2194 | D:2      | Found a radiant altar of Vehumet.
  2195 | D:2      | Upgraded the game from 0.24-a0-580-g6a6c3f83c1 to
                  | 0.24-a0-581-gc0fa6600bf
  2330 | D:2      | Noticed Natasha
  2341 | D:2      | Killed Natasha
  2341 | D:2      | Reached skill level 1 in Summonings
  2437 | D:3      | Found a shadowy altar of Dithmenos.
  2549 | D:3      | Noticed Jerry's ghost (amateur TrBe)
  2549 | D:3      | Noticed an ogre
  2550 | D:3      | Found a transporter.
  2551 | D:3      | Found a transporter.
  2551 | D:3      | Noticed an ogre
  2554 | D:3      | Identified the +11 great mace "Emoumorri" {protect, +Rage
                  | Dex+4}
  2554 | D:3      | Noticed an ogre
  2584 | D:3      | Found a white marble altar of Elyvilon.
  2721 | D:3      | Found a bloodstained altar of Trog.
  2735 | D:3      | Noticed Terence
  2745 | D:3      | Killed Terence
  2745 | D:3      | Reached skill level 5 in Ice Magic
  3710 | D:4      | Reached XP level 6. HP: 24/46 MP: 6/10
  4019 | D:4      | Noticed Edmund
  4908 | D:4      | Killed Edmund
  4908 | D:4      | Reached skill level 6 in Ice Magic
  4908 | D:4      | Reached XP level 7. HP: 30/52 MP: 0/11
  5044 | D:5      | Entered Level 5 of the Dungeon
  5280 | D:5      | Slain by an orc warrior

Levels and vault maps discovered:
D:1:      dpeg_arrival_stone_temple_mockup, layout_basic, minmay_misc_feat_iff,
          minmay_split_cup_small
D:2:      layout_loops_ring, gammafunk_temple_overflow_statue,
          minmay_pentomino_t4, uniq_natasha
D:3:      layout_loops_ring, elyvilon_altar_4,
          grunt_dithmenos_smoke_and_mirrors, gammafunk_ghost_smash, trog_book,
          uniq_terence
D:4:      layout_cave_pools, first_ration, uniq_edmund
D:5:      layout_loops_corners

Skill      XL: |  1  2  3  4  5  6 |
---------------+-------------------+-----
Fighting       | 1 2 3 |  3.5
Ice Magic      | 4 5 6 |  6.3
Charms         | 1 |  1.0
Summonings     | 2 3 |  3.8
Spellcasting   | 3 |  3.0
Dodging        | |  2.6
Stealth        | |  2.1
Conjurations   | |  0.7

Action                   |  1- 3 |  4- 6 |  7- 9 || total
-------------------------+-------+-------+-------++-------
Melee: Dagger            |    12 |     2 |       ||    14
       Short sword       |       |    32 |     4 ||    36
Throw: Stone             |     2 |       |       ||     2
 Cast: Freeze            |    56 |    97 |    17 ||   170
       Ozocubu's Armour  |       |     3 |     1 ||     4
 Stab: Sleeping          |     6 |     4 |       ||    10
  Eat: Chunk             |     3 |    11 |     1 ||    15
Armor: Robe              |     4 |    14 |     4 ||    22
Dodge: Dodged            |    46 |    78 |    11 ||   135

Table legend:
 A = Non-vault XP
 B = Vault XP
 C = Vault XP percentage of total XP
 D = Non-vault monster count
 E = Vault monster count
 F = Vault count percentage of total count
                 A         B        C        D         E       F
            +---------+---------+-------+---------+---------+-------
      Total |     643 |     269 |  29.5 |      76 |      10 |  11.6
            +---------+---------+-------+---------+---------+-------
        D:1 |      48 |       7 |  12.7 |      24 |       3 |  11.1
        D:2 |     101 |      53 |  34.4 |      17 |       5 |  22.7
        D:3 |     171 |      36 |  17.4 |      18 |       1 |   5.3
        D:4 |     134 |     173 |  56.4 |      12 |       1 |   7.7
        D:5 |     189 |       0 |   0.0 |       5 |       0 |   0.0
            +---------+---------+-------+---------+---------+-------
